 Dungeon Crawl Stone Soup version 0.30.0-29-ga12c61a403 (webtiles) character file.

Game seed: 7737567970522775687

205430 Peloso the Peltast (level 18, -6/171 HPs)
             Began as a Minotaur Fighter on June 17, 2023.
             Was a High Priest of Okawaru.
             Mangled by Polyphemus (11 damage)
             ... while petrified by a catoblepas
             ... on level 2 of the Shoals.
             The game lasted 01:44:53 (42180 turns).

Peloso the Peltast (Minotaur Fighter)              Turns: 42180, Time: 01:44:53

Health: -6/171     AC: 25    Str: 32    XL:     18   Next: 41%
Magic:  19/19      EV:  2    Int: 10    God:    Okawaru [*****.]
Gold:   2552       SH:  0    Dex: 20    Spells: 17/17 levels left

rFire   + . .        b - +11 morningstar of Harmony {elec, rF+ Int+5}
rCold   + . .        d - +0 kite shield of the Lion {rElec rC+ Will++ Dex+3}
rNeg    + + +        r - +1 plate armour {rPois}
rPois   ∞            Z - +0 hat {Stlth+}
rElec   +            C - +1 cloak {rCorr}
rCorr   +            N - +0 pair of gloves of Vade {Dex+4}
SInv    .            G - +0 pair of boots {Fly}
Will    +++..        y - amulet of reflection Stlth
                     k - +4 ring of slaying
HPRegen 0.48/turn    L - +6 ring of strength
MPRegen 0.16/turn

%: reflection
@: petrified, flying, mesmerised, studying Stealth
A: horns 2, retaliatory headbutt
a: Renounce Religion, Heroism, Finesse, Duel


You were on level 2 of the Shoals.
You worshipped Okawaru.
Okawaru was extremely pleased with you.
You visited 7 branches of the dungeon, and saw 29 of its levels.
You also visited: Gauntlet and Ice Cave.

You collected 3152 gold pieces.
You spent 600 gold pieces at shops.

Inventory:

Hand Weapons
 a - a +7 long sword
 b - the +11 morningstar of Harmony (weapon) {elec, rF+ Int+5}
   (You found it on level 11 of the Dungeon)

   Int:       It affects your intelligence (+5).
   rF:        It protects you from fire.
 c - a +4 scimitar of flaming
Armour
 d - the +0 kite shield of the Lion (worn) {rElec rC+ Will++ Dex+3}
   (Okawaru gifted it to you on level 1 of the Elven Halls)

   Dex:       It affects your dexterity (+3).
   rC:        It protects you from cold.
   rElec:     It insulates you from electricity.
   Will:      It greatly increases your willpower.
 r - a +1 plate armour of poison resistance (worn)
 C - a +1 cloak of preservation (worn)
 G - a +0 pair of boots of flying (worn)
 N - the +0 pair of gloves of Vade (worn) {Dex+4}
   (Okawaru gifted it to you on level 3 of the Elven Halls)

   Dex:       It affects your dexterity (+4).
 Z - a +0 hat of stealth (worn)
Jewellery
 k - a +4 ring of slaying (left hand)
 n - an amulet of the acrobat
 v - an amulet of regeneration
 y - an amulet of reflection (around neck)
 A - a ring of see invisible
 I - the brooch of Shielding {Spirit SH+8}
   (You took it off a minotaur in a Gauntlet)

   [amulet of guardian spirit]

   It causes incoming damage to be divided between your reserves of health and
   magic.
   SH:        It affects your SH (+8).
 L - a +6 ring of strength (right hand)
Wands
 o - a wand of flame (21)
 q - a wand of polymorph (2)
 D - a wand of digging (3)
Scrolls
 i - 8 scrolls of teleportation
 j - 4 scrolls of magic mapping
 l - a scroll of enchant weapon
 m - 5 scrolls of fear
 p - a scroll of fog
 t - 5 scrolls of immolation
 K - a scroll of acquirement
 V - 2 scrolls of blinking
Potions
 e - 6 potions of haste
 f - 3 potions of resistance
 g - 7 potions of might
 h - 7 potions of curing
 s - 5 potions of flight
 u - a potion of heal wounds
 w - a potion of ambrosia
 J - a potion of berserk rage
 P - 2 potions of invisibility


   Skills:
 + Level 17.9 Fighting
 + Level 13.9 Long Blades
 + Level 18.7 Maces & Flails
 + Level 17.8 Armour
 + Level 6.5 Dodging
 + Level 2.6 Stealth
 + Level 20.9 Shields
 + Level 3.3 Invocations
 + Level 2.1 Evocations


You had 17 spell levels left.
You didn't know any spells.
Your spell library contained the following spells:

 Spells                   Type           Power      Damage    Failure   Level
 Apportation              Tloc           0%         N/A       88%         1
 Beastly Appendage        Tmut           0%         N/A       88%         1
 Foxfire                  Conj/Fire      0%         2x1d4     88%         1
 Magic Dart               Conj           0%         1d3       88%         1
 Shock                    Conj/Air       0%         1d3       88%         1
 Sting                    Tmut/Pois      0%         1d3       88%         1
 Ensorcelled Hibernation  Hex/Ice        0%         N/A       95%         2
 Momentum Strike          Conj/Tloc      0%         3d8       95%         2
 Poisonous Vapours        Pois/Air       0%         N/A       95%         2
 Scorch                   Fire           0%         2d5       95%         2
 Searing Ray              Conj           0%         2d4       95%         2
 Static Discharge         Conj/Air       0%         2-2/arc   95%         2
 Wereblood                Tmut           0%         N/A       95%         2
 Dazzling Flash           Conj/Hex       0%         N/A       99%         3
 Frozen Ramparts          Ice            0%         1d1       99%         3
 Hailstorm                Conj/Ice       0%         3d3       99%         3
 Ignite Poison            Fire/Tmut/Pois 0%         N/A       99%         3
 Mephitic Cloud           Conj/Pois/Air  0%         N/A       99%         3
 Portal Projectile        Hex/Tloc       0%         N/A       99%         3
 Spider Form              Tmut/Pois      0%         N/A       99%         3
 Volatile Blastmotes      Fire/Tloc      0%         2d10      99%         3
 Anguish                  Hex/Necr       0%         N/A       100%        4
 Flame Wave               Conj/Fire      0%         2d4       100%        4
 Fulminant Prism          Conj/Hex       0%         3d5       100%        4
 Ice Form                 Ice/Tmut       0%         N/A       100%        4
 Iskenderun's Mystic Bla  Conj/Tloc      0%         2d3       100%        4
 Leda's Liquefaction      Hex/Erth       0%         N/A       100%        4
 Olgreb's Toxic Radiance  Pois           0%         N/A       100%        4
 Passage of Golubria      Tloc           0%         N/A       100%        4
 Sticky Flame             Conj/Fire      0%         2d3       100%        4
 Agony                    Necr           0%         N/A       100%        5
 Alistair's Intoxication  Tmut/Pois      0%         N/A       100%        5
 Blade Hands              Tmut           0%         N/A       100%        5
 Borgnjor's Vile Clutch   Necr/Erth      0%         N/A       100%        5
 Fireball                 Conj/Fire      0%         3d3       100%        5
 Freezing Cloud           Conj/Ice/Air   0%         6-21      100%        5
 Irradiate                Conj/Tmut      0%         3d11      100%        5
 Lee's Rapid Deconstruct  Erth           0%         3d4*      100%        5
 Silence                  Hex/Air        0%         N/A       100%        5
 Yara's Violent Unravell  Hex/Tmut       0%         3d3       100%        5
 Plasma Beam              Fire/Air       0%         2x1d11    100%        6
 Starburst                Conj/Fire      0%         6d3       100%        6
 Statue Form              Tmut/Erth      0%         N/A       100%        6
 Dragon Form              Tmut           0%         N/A       100%        7
 Ozocubu's Refrigeration  Ice            0%         4d7       100%        7
 Storm Form               Tmut/Air       0%         N/A       100%        7
 Ignition                 Fire           0%         3d3       100%        8
 Polar Vortex             Ice            0%         N/A       100%        9
 Call Imp                 Summ           Unusable   N/A       N/A         2
 Tukima's Dance           Hex            Unusable   N/A       N/A         3
 Animate Dead             Necr           Unusable   N/A       N/A         4
 Summon Ice Beast         Ice/Summ       Unusable   N/A       N/A         4
 Death Channel            Necr           Unusable   N/A       N/A         6
 Simulacrum               Ice/Necr       Unusable   N/A       N/A         6
 Summon Cactus Giant      Summ           Unusable   N/A       N/A         6
 Spellforged Servitor     Conj/Summ      Unusable   N/A       N/A         7

Dungeon Overview and Level Annotations

Branches:
Dungeon (15/15)            Temple (1/1) D:7            Lair (5/5) D:10
 Shoals (2/4) Lair:3       Spider (1/4) Lair:2        Slime (0/5) Lair:4
    Orc (2/2) D:12            Elf (3/3) Orc:2        Vaults (0/5) D:14
 Depths (0/4) D:15          IceCv (visited)         Gauntlet (visited)

Altars:
Ashenzari
Cheibriados
Dithmenos
Elyvilon
Fedhas
Gozag
Hepliaklqana
Kikubaaqudgha
Makhleb
Nemelex Xobeh
Okawaru
Qazlal
Ru
Sif Muna
Trog
Uskayaw
Vehumet
Wu Jian
Xom
Yredelemnul
Zin
The Shining One
Jiyva

Shops:
D:6 ?(*?*   D:11 [   Orc:1 ?   Orc:2 =!(**   Shoals:1 *

Portals:
Pandemonium: Orc:2
Trove: D:11 (give +3 fire dragon scales)

Annotations:
D:9 Casa
Shoals:2 Polyphemus
Elf:2 6 transporters, 5 runed translucent doors


Innate Abilities, Weirdness & Mutations

You have a pair of horns on your head.
You reflexively headbutt those who attack you in melee.


Message History

* * * LOW HITPOINT WARNING * * *
The catoblepas gores you but does no damage.
The death yak gores you.
* * * LOW HITPOINT WARNING * * *
The merfolk avatar chants its luring song.
You turn to flesh and can move again.
You feel much better.
You are engulfed in calcifying dust.
You are slowing down.
You block Polyphemus's attack. Polyphemus hits you but does no damage.
You block the death yak's attack.
The merfolk hits you but does no damage.
The catoblepas gores you. The death yak gores you!
* * * LOW HITPOINT WARNING * * *
The merfolk avatar chants its luring song.
Unknown command.
Unknown command.
You completely miss the merfolk avatar.
The merfolk avatar is almost dead.
You are engulfed in calcifying dust.
Your limbs have turned to stone.
You block Polyphemus's attack. x2
The death yak gores you but does no damage.
The merfolk hits you but does no damage.
The catoblepas gores you!!
* * * LOW HITPOINT WARNING * * *
You block the death yak's attack.
The merfolk avatar chants its luring song.
You have turned to stone.
Polyphemus hits you!!
* * * LOW HITPOINT WARNING * * *
Polyphemus hits you!
* * * LOW HITPOINT WARNING * * *
The death yak gores you!!
* * * LOW HITPOINT WARNING * * *
The merfolk hits you from afar with a +0 trident.
The catoblepas gores you but does no damage.
The death yak gores you.
* * * LOW HITPOINT WARNING * * *
The merfolk avatar chants its luring song.
Polyphemus hits you!!
You die...

~....~.~~~~≈≈≈≈≈≈≈≈≈≈≈≈≈≈≈
......~~~~≈≈≈≈≈≈≈≈≈≈≈≈≈~~~
.~.##.~~~~≈≈≈≈≈≈≈≈≈≈≈≈≈~~~
~~...~~~~≈≈≈≈≈≈≈≈≈≈≈≈≈≈~~~
~~~~~~~~≈≈≈≈≈≈≈≈≈≈≈≈≈≈≈~~≈
~~~~~~~~≈§≈≈≈≈≈≈≈≈≈≈≈≈≈~~≈
~~~~~~~m≈≈≈≈~~~≈≈≈≈≈≈≈≈~≈~
.C~~~~~~C~m≈~~~~~≈≈≈≈≈≈~~~
[..~~~~~~@~~~~~~~≈≈≈≈≈~~~~
....~~~~YYY~~~~~~~~~≈~~~~~
##..~~~~~~~~~~~~~~~~~~~~~~
#..~~~≈~~~...~~~~~~~~~~~~
#..~~~~~~..#^~~~~~~~~~~~~
.....~~~~~~~..~~~~~~~~~^~~
.....~~.~~~...~~~~~~~~....
...$~.....###.~~~~~......
..~~~.......


You could see Polyphemus, a merfolk avatar (mesmerising), 2 death yaks, a
catoblepas and a merfolk.

Vanquished Creatures
  Nikola (Shoals:2)
  2 deep elf blademasters (Elf:3)
  Jorgrun (Shoals:1)
  2 deep elf master archers (Elf:3)
  A lich (IceCv)
  3 acid blobs (Lair:4)
  Ilsuiw (Shoals:2)
  Roxanne (Shoals:2)
  Donald (Shoals:1)
  A frost giant (Shoals:1)
  A deep elf sorcerer (Elf:3)
  3 deep elf elementalists (Elf:3)
  A stone giant (D:15)
  8 deep elf demonologists (Elf:3)
  Azrael (D:13)
  8 deep elf annihilators
  5 dire elephants (Lair:5)
  A minotaur (Gauntlet)
  4 deep elf death magi
  A merfolk impaler (Shoals:2)
  3 deep elf high priests (Elf:3)
  A yaktaur captain (D:15)
  8 hydras
  2 caustic shrike simulacra (IceCv)
  An ogre mage (D:15)
  A radroach (Spider:1)
  A rakshasa (D:15)
  3 centaur warriors
  4 boulder beetles
  2 demonspawn (Orc:2)
  2 satyrs (Shoals:2)
  16 dancing weapons
  2 catoblepae
  An alligator snapping turtle (Shoals:2)
  2 tengu warriors (D:15)
  7 two-headed ogres
  5 death yaks
  A spectral dire elephant (Lair:5)
  4 orc high priests (Orc:2)
  8 deep elf knights
  A sun demon (Orc:2)
  3 spectral death yaks (Lair:5)
  A sixfirhy (Orc:2)
  A soul eater (Gauntlet)
  A sun moth (Lair:2)
  A pharaoh ant (Spider:1)
  Lodul (D:13)
  4 orb spiders (Spider:1)
  3 skysharks
  4 sea snakes
  9 deep elf archers
  A spriggan simulacrum (IceCv)
  3 steelbarb worms (Spider:1)
  2 lindwurms (Lair:3)
  Pikel (D:8)
  A spectral anaconda (Lair:5)
  6 bog bodies (IceCv)
  27 deep elf pyromancers
  2 obsidian statues
  21 deep elf zephyrmancers
  10 orc knights
  11 orc sorcerers
  4 necromancers
  4 wolf spiders
  5 fauns
  An ugly thing (D:12)
  A spectral boulder beetle (D:11)
  15 cyclopes
  8 manticores
  A salamander (shapeshifter) (D:13)
  The ghost of Pascal76 the Chopper, a novice GrBe of Trog (D:6)
  A rust devil (Gauntlet)
  2 spectral centaurs (D:11)
  6 merfolk sirens
  Joseph (D:7)
  A black mamba (shapeshifter) (Elf:3)
  5 moths of wrath
  2 torpor snails
  4 centaur zombies (D:11)
  11 elephants
  3 black mambas
  An orange demon (Orc:2)
  A centaur skeleton (D:11)
  14 cane toads
  A rime drake (shapeshifter) (D:15)
  A rime drake (Lair:5)
  2 unseen horrors
  A demonic crawler (Spider:1)
  A kobold demonologist (D:10)
  An efreet (D:15)
  8 komodo dragons
  14 freezing wraiths (IceCv)
  A golden dragon simulacrum (IceCv)
  Psyche (D:8)
  An ice devil (IceCv)
  An anaconda simulacrum (IceCv)
  2 tengu conjurers (D:10)
  A hellwing (Orc:2)
  A queen bee (Lair:2)
  A meliai (shapeshifter) (D:14)
  6 trolls
  4 polar bears
  Prince Ribbit (D:8)
  3 merfolk
  A hornet (Lair:4)
  2 wind drakes
  6 tarantellas
  3 spectral elephants (Lair:5)
  23 blink frogs
  Grinder (D:6)
  12 culicivoras
  A snapping turtle (Shoals:1)
  7 wraiths
  21 slime creatures
  2 vampires
  5 air elementals
  11 flying skulls
  20 jumping spiders
  3 shadows
  A centaur simulacrum (D:11)
  3 dire elephant simulacra (IceCv)
  2 water elementals
  6 wyverns
  2 ynoxinuls (Gauntlet)
  27 yaks
  A wyvern (shapeshifter) (D:13)
  5 fire elementals
  19 vampire mosquitoes
  7 basilisks
  A steam dragon (Lair:3)
  A minotaur simulacrum (IceCv)
  23 redbacks
  Menkaure (D:6)
  8 wargs
  2 harpy simulacra (IceCv)
  2 hydra simulacra (IceCv)
  22 water moccasins
  3 hell hounds
  4 acid dragons
  A spectral cane toad (Lair:5)
  Duvessa (D:6)
  2 black bears
  2 ice beasts
  39 orc warriors
  2 sky beasts (D:7)
  3 boulder beetle simulacra (D:11)
  A black mamba simulacrum (D:11)
  2 elephant zombies (Lair:5)
  5 alligator simulacra (IceCv)
  5 boggarts (D:14)
  A wolf (Lair:1)
  2 elephant skeletons (Lair:5)
  7 centaurs
  2 ettin simulacra (IceCv)
  15 ogres
  A lemure (D:8)
  5 kobold brigands
  11 bullfrogs
  3 deep troll simulacra (IceCv)
  An earth elemental (Elf:1)
  5 scorpions
  A cane toad simulacrum (Lair:5)
  Dowan (D:6)
  6 wights
  4 lindwurm simulacra (IceCv)
  2 elephant simulacra (Lair:5)
  25 killer bees
  2 howler monkeys
  2 vampire bats (D:12)
  7 electric eels
  26 orc priests
  6 iron imps (Gauntlet)
  2 jellies
  A gnoll bouda (Orc:2)
  7 hounds
  2 sleepcaps
  4 iguanas
  24 orc wizards
  6 hell rats
  A boggart simulacrum (D:11)
  4 gnolls (Orc:2)
  13 adders
  5 shadow imps
  A white imp (D:5)
  2 ufetubi (D:5)
  6 worms
  4 dart slugs
  82 orcs
  13 bats
  13 endoplasms
  6 giant cockroaches
  5 goblins
  9 hobgoblins
  10 jackals
  25 kobolds
  7 quokkas
  11 ball pythons
  4 frilled lizards
  6 rats
  A spectral orc (D:7)
1109 creatures vanquished.

Vanquished Creatures (others)
  A tarantella (Spider:1)
  A human (D:8)
  An orc (Orc:1)
  A frilled lizard (D:3)
4 creatures vanquished.

Grand Total: 1113 creatures vanquished

Notes
Turn   | Place    | Note
-------+----------+-------------------------------------------
     0 | D:1      | Peloso the Minotaur Fighter began the quest for the Orb.
     0 | D:1      | Reached XP level 1. HP: 19/19 MP: 0/0
   122 | D:1      | Reached XP level 2. HP: 27/27 MP: 1/1
   558 | D:1      | Reached skill level 4 in Shields
   558 | D:1      | Reached XP level 3. HP: 33/33 MP: 2/2
  1070 | D:2      | Reached XP level 4. HP: 25/41 MP: 3/3
  1205 | D:2      | You fall into a shaft and drop 2 floors!
  1205 | D:4      | Found a shimmering altar of Xom.
  1233 | D:4      | Found a broken altar of Ashenzari.
  1275 | D:4      | Reached skill level 5 in Fighting
  1367 | D:4      | Reached XP level 5. HP: 46/48 MP: 4/4
  1805 | D:3      | Found a radiant altar of Vehumet.
  2064 | D:3      | Reached skill level 1 in Dodging
  2633 | D:4      | Found a shadowy altar of Dithmenos.
  2635 | D:4      | Noticed an ogre
  2643 | D:4      | Killed an ogre
  2644 | D:4      | Reached skill level 5 in Long Blades
  2644 | D:4      | Reached XP level 6. HP: 33/56 MP: 5/5
  2784 | D:4      | Reached skill level 5 in Armour
  2913 | D:4      | Found a blossoming altar of Fedhas.
  3450 | D:5      | Entered Level 5 of the Dungeon
  3456 | D:5      | Reached XP level 7. HP: 62/62 MP: 6/6
  3580 | D:5      | Reached skill level 5 in Shields
  3688 | D:5      | Found an ornate altar of the Wu Jian Council.
  3983 | D:5      | Reached XP level 8. HP: 68/71 MP: 7/7
  4480 | D:6      | Noticed Pascal76's ghost (novice GrBe)
  4480 | D:6      | Found a runed translucent gate.
  4480 | D:6      | Found a runed translucent gate.
  4480 | D:6      | Found a runed translucent gate.
  4481 | D:6      | Identified the +0 chain mail of Spite {rElec}
  4515 | D:6      | Noticed Grinder
  4627 | D:6      | Noticed Duvessa
  4628 | D:6      | Noticed Dowan
  4634 | D:6      | Found a white marble altar of Elyvilon.
  4639 | D:6      | Killed Duvessa
  4649 | D:6      | Killed Dowan
  4652 | D:6      | Found Koreguyr's Magic Scroll Shoppe.
  4775 | D:6      | Found Dasium's Assorted Antiques.
  4782 | D:6      | Noticed Menkaure
  4790 | D:6      | Killed Menkaure
  4791 | D:6      | Reached skill level 6 in Shields
  4816 | D:6      | HP: 1/73 [black bear (3)]
  5026 | D:6      | Found Wiuq's Antique Weapon Shoppe.
  5077 | D:6      | Found Relaij's General Store.
  5174 | D:6      | Paralysed by Grinder for 2 turns
  5179 | D:6      | Killed Grinder
  5180 | D:6      | Reached XP level 9. HP: 76/79 MP: 8/8
  5375 | D:6      | Found Tarecy's Magic Scroll Shoppe.
  5385 | D:6      | Bought a scroll of magic mapping for 90 gold pieces
  5385 | D:6      | Bought a scroll of identify for 24 gold pieces
  6077 | D:7      | Reached skill level 1 in Stealth
  6096 | D:7      | Found a basalt altar of Yredelemnul.
  6127 | D:7      | Found a staircase to the Ecumenical Temple.
  6137 | Temple   | Entered the Ecumenical Temple
  6306 | Temple   | Became a worshipper of Warmaster Okawaru
  6572 | D:7      | Noticed Joseph
  6592 | D:7      | Killed Joseph
  6593 | D:7      | Reached skill level 10 in Long Blades
  6860 | D:7      | Found a bloodstained altar of Trog.
  7050 | D:8      | Found an ancient bone altar of Kikubaaqudgha.
  7145 | D:8      | Reached * piety under Okawaru
  7154 | D:8      | Reached skill level 7 in Shields
  7177 | D:8      | Noticed Prince Ribbit
  7181 | D:8      | Noticed an eight-headed hydra
  7199 | D:8      | Killed Prince Ribbit
  7386 | D:7      | Reached XP level 10. HP: 72/89 MP: 9/9
  7459 | D:8      | Noticed a manticore
  7726 | D:8      | Killed a manticore
  8104 | D:9      | Reached ** piety under Okawaru
  8120 | D:9      | Noticed a two-headed ogre
  8135 | D:9      | Killed a two-headed ogre
  8136 | D:9      | Reached skill level 10 in Armour
  8398 | D:9      | Found a stormy altar of Qazlal.
  8416 | D:9      | Reached skill level 8 in Shields
  8498 | D:9      | Noticed a two-headed ogre
  8510 | D:9      | Killed a two-headed ogre
  8915 | D:10     | Entered Level 10 of the Dungeon
  9074 | D:10     | Reached *** piety under Okawaru
  9143 | D:10     | Reached XP level 11. HP: 30/99 MP: 8/10
  9201 | D:10     | HP: 2/99 [orc warrior/+0 glaive (9)]
  9487 | D:10     | Found a staircase to the Lair.
  9706 | D:10     | Reached skill level 10 in Fighting
 10467 | D:10     | Found a glowing silver altar of Zin.
 10707 | D:11     | Found Enaylem's Antique Armour Emporium.
 10951 | D:11     | Identified the +0 robe of Tuazuyck {rPois rF+ Str+2}
 10952 | D:11     | Found a portal to a secret trove of treasure.
 11012 | D:11     | Reached skill level 1 in Evocations
 11029 | D:11     | Reached **** piety under Okawaru
 11030 | D:11     | Reached skill level 9 in Shields
 11223 | D:11     | Noticed a two-headed ogre
 11238 | D:11     | Killed a two-headed ogre
 11239 | D:11     | Noticed a two-headed ogre
 11445 | D:11     | Killed a two-headed ogre
 11446 | D:11     | Reached skill level 1 in Invocations
 11962 | D:11     | Reached skill level 10 in Shields
 12275 | D:11     | Reached XP level 12. HP: 103/110 MP: 11/11
 12371 | D:11     | Found a basalt altar of Yredelemnul.
 12413 | D:11     | Got the Thoughts on the Iceberg and Reconstruction
 12416 | D:11     | Identified the +11 morningstar of Harmony {elec, rF+ Int+5}
 12860 | D:11     | Reached skill level 1 in Maces & Flails
 13354 | Lair:1   | Entered Level 1 of the Lair of Beasts
 13684 | Lair:1   | Noticed a five-headed hydra
 13694 | Lair:1   | Killed a five-headed hydra
 13704 | Lair:1   | Reached ***** piety under Okawaru
 13707 | Lair:1   | Reached skill level 5 in Maces & Flails
 14361 | Lair:1   | Received a gift from Okawaru
 14853 | Lair:2   | Found a hole to the Spider Nest.
 14996 | Lair:2   | Received a gift from Okawaru
 15250 | Lair:2   | Reached skill level 11 in Shields
 15250 | Lair:2   | Reached XP level 13. HP: 117/117 MP: 13/13
 16439 | Lair:3   | Found a staircase to the Shoals.
 16508 | Lair:3   | Identified the +1 cloak "Iquyloa" {rF- rN++ Str+3}
 16994 | Lair:3   | Received a gift from Okawaru
 16995 | Lair:3   | Reached skill level 10 in Maces & Flails
 17654 | D:8      | Noticed Psyche
 17654 | D:8      | Noticed Pikel
 17662 | D:8      | Killed Pikel
 17667 | D:8      | Killed Psyche
 18309 | D:6      | Killed Pascal76's ghost
 18347 | D:6      | Identified the +0 helmet "Qaiqek" {rF- Will+ Str+9}
 18569 | D:12     | Received a gift from Okawaru
 18591 | D:12     | Found a staircase to the Orcish Mines.
 18987 | D:12     | Reached XP level 14. HP: 127/127 MP: 14/14
 19393 | D:6      | Bought an embroidered hat for 224 gold pieces
 19772 | Orc:1    | Entered Level 1 of the Orcish Mines
 20128 | Orc:2    | Entered Level 2 of the Orcish Mines
 20171 | Orc:2    | Reached skill level 12 in Shields
 20254 | Orc:2    | Reached skill level 5 in Dodging
 20399 | Orc:2    | Received a gift from Okawaru
 20500 | Orc:2    | Found a staircase to the Elven Halls.
 20843 | Orc:2    | Found Veocs's Distillery.
 21011 | Orc:2    | Found Kaxkelue's General Store.
 21037 | Orc:2    | Bought a potion of degeneration for 15 gold pieces
 21037 | Orc:2    | Bought a potion of mutation for 120 gold pieces
 21082 | Orc:2    | Paralysed by an orc sorcerer for 5 turns
 21546 | Orc:2    | Found Uschie Sunuj's Antique Weapon Boutique.
 21546 | Orc:2    | Found Nokkodaj's Jewellery Shop.
 21546 | Orc:2    | Found a one-way gate leading to the halls of Pandemonium.
 21627 | Orc:2    | Found Yceuxuu's Overcharged Wands.
 22228 | Orc:1    | Found Ceit's Magic Scroll Shop.
 22236 | Orc:1    | Bought a scroll of magic mapping for 127 gold pieces
 22471 | D:13     | Found a gate leading to a gauntlet.
 22491 | Gauntlet | Entered a Gauntlet
 22491 | Gauntlet | Found a transporter.
 22491 | Gauntlet | Found a transporter.
 22500 | Gauntlet | Found a transporter.
 22508 | Gauntlet | Found a transporter.
 22515 | Gauntlet | Found a transporter.
 22530 | Gauntlet | Found a transporter.
 22546 | Gauntlet | Found a transporter.
 22559 | Gauntlet | Found a transporter.
 22567 | Gauntlet | Found a transporter.
 22650 | Gauntlet | Found a transporter.
 22654 | Gauntlet | Found a transporter.
 22673 | Gauntlet | Found a transporter.
 22909 | Gauntlet | Reached skill level 13 in Shields
 23093 | Gauntlet | Identified the +7 shortbow of the Cursing Gods {antimagic,
                  | Will+ Str+3}
 23101 | Gauntlet | Received a gift from Okawaru
 23107 | Gauntlet | Got the Teachings on the Impact and Shapes
 23107 | Gauntlet | Got Jeiblizu's Anthology of Blows
 23499 | D:13     | Reached skill level 15 in Maces & Flails
 23719 | D:13     | Noticed Azrael
 23738 | D:13     | Killed Azrael
 24413 | D:14     | Noticed Lodul
 24729 | D:13     | Killed Lodul
 24730 | D:13     | Reached XP level 15. HP: 119/138 MP: 13/16
 25084 | D:14     | Found a gate to the Vaults.
 25372 | D:14     | Reached skill level 14 in Shields
 25740 | D:15     | Entered Level 15 of the Dungeon
 25796 | D:15     | Reached skill level 15 in Armour
 25980 | D:15     | Identified a scroll of acquirement
 26442 | D:15     | Found a staircase to the Depths.
 26462 | D:15     | Identified the +0 chain mail "Humiprah" {rF+} (Okawaru
                  | gifted it to you on level 15 of the Dungeon)
 26462 | D:15     | Received a gift from Okawaru
 26911 | Lair:4   | Found a runed translucent door.
 26921 | Lair:4   | Found a viscous altar of Jiyva.
 27011 | Lair:4   | Reached skill level 15 in Shields
 27606 | Lair:4   | Noticed an acid blob
 27606 | Lair:4   | Noticed an acid blob
 27609 | Lair:4   | Found a staircase to the Slime Pits.
 27609 | Lair:4   | Noticed an acid blob
 27622 | Lair:5   | Entered Level 5 of the Lair of Beasts
 27743 | Lair:5   | Reached ****** piety under Okawaru
 27766 | Lair:5   | Identified the +4 ring mail of Bespelled Satisfaction
                  | {Regen+}
 27992 | Lair:5   | Identified the +6 falchion "Lobesu" {speed, Fragile Fly
                  | rPois Int+2}
 28070 | Lair:5   | Reached skill level 15 in Fighting
 28461 | Lair:5   | Identified the staff of death "Ynovont" {+Blink rN+}
 28508 | Lair:5   | Reached skill level 16 in Shields
 28570 | Lair:5   | Received a gift from Okawaru
 28571 | Lair:5   | Reached XP level 16. HP: 135/146 MP: 14/17
 30054 | Lair:4   | Killed an acid blob
 30058 | Lair:4   | Killed an acid blob
 30063 | Lair:4   | Killed an acid blob
 30376 | Elf:1    | Entered Level 1 of the Elven Halls
 30518 | Elf:1    | Found a frozen archway.
 30522 | IceCv    | Entered an ice cave
 30575 | IceCv    | Identified the +5 dagger of the Saviour {speed, rPois Str-4
                  | Int+8} (Okawaru gifted it to you in an ice cave)
 30575 | IceCv    | Received a gift from Okawaru
 30874 | IceCv    | Found an ancient bone altar of Kikubaaqudgha.
 31294 | IceCv    | Reached skill level 17 in Shields
 31331 | IceCv    | Identified the +1 helmet of Laorph {Rampage +Blink rF+
                  | Dex-5}
 31449 | IceCv    | Noticed a lich
 31463 | IceCv    | Killed a lich
 31665 | Elf:1    | Identified the +0 kite shield of the Lion {rElec rC+ Will++
                  | Dex+3} (Okawaru gifted it to you on level 1 of the Elven
                  | Halls)
 31665 | Elf:1    | Received a gift from Okawaru
 31945 | Elf:1    | Got Duif's Secrets of the Volley
 32482 | Elf:1    | You fall into a shaft and drop 1 floor!
 32503 | Elf:2    | Found a transporter.
 32542 | Elf:2    | Found a transporter.
 32656 | Elf:1    | Reached skill level 18 in Shields
 33256 | Elf:2    | Reached XP level 17. HP: 42/149 MP: 5/18
 33825 | Elf:2    | Found a transporter.
 33827 | Elf:2    | Found a transporter.
 33883 | Elf:2    | Found a transporter.
 33906 | Elf:2    | Found a transporter.
 34003 | Elf:2    | Identified the scarf "Kiarasirch" {harm, rElec} (Okawaru
                  | gifted it to you on level 2 of the Elven Halls)
 34003 | Elf:2    | Received a gift from Okawaru
 34018 | Elf:2    | Found a huge runed translucent gate.
 34018 | Elf:2    | Found a huge runed translucent gate.
 34018 | Elf:2    | Found a huge runed translucent gate.
 34021 | Elf:2    | Found a huge runed translucent gate.
 34024 | Elf:2    | Found a huge runed translucent gate.
 34096 | Elf:3    | Entered Level 3 of the Elven Halls
 34242 | Elf:3    | Noticed a deep elf blademaster
 34627 | Elf:3    | Killed a deep elf blademaster
 34795 | Elf:3    | Paralysed by an air elemental for 1 turns
 35051 | Elf:3    | Paralysed by an air elemental for 1 turns
 35161 | Elf:3    | Identified the +0 robe of the Poles {*Corrode rC+ rN++
                  | Archmagi}
 35183 | Elf:3    | Reached skill level 19 in Shields
 35453 | Elf:3    | Noticed a deep elf blademaster
 35453 | Elf:3    | Identified the +1 robe of the Tired Seers {rF++ Str+2}
 35453 | Elf:3    | Noticed a deep elf master archer
 35479 | Elf:3    | Killed a deep elf blademaster
 35821 | Elf:3    | Killed a deep elf master archer
 35956 | Elf:3    | Identified the +5 scale mail "Oxzop" {rCorr}
 35956 | Elf:3    | Identified the ring "Ynatenu" {Wiz rElec Int+3}
 35956 | Elf:3    | Noticed a deep elf master archer
 35967 | Elf:3    | Killed a deep elf master archer
 36289 | Elf:3    | Identified the +5 sling "Jellybane" {freeze, Drain Str+4}
 36578 | Elf:3    | Identified the staff of conjuration "Yzish" {Will+}
 36752 | Elf:3    | Identified the +0 pair of gloves of Vade {Dex+4} (Okawaru
                  | gifted it to you on level 3 of the Elven Halls)
 36752 | Elf:3    | Received a gift from Okawaru
 37396 | Spider:1 | Entered Level 1 of the Spider Nest
 38844 | Spider:1 | Reached skill level 20 in Shields
 38934 | Spider:1 | Reached XP level 18. HP: 116/170 MP: 19/19
 39220 | Spider:1 | Identified the +0 leather armour "Feuqos" {Slay+2}
 39935 | Shoals:1 | Entered Level 1 of the Shoals
 40049 | Shoals:1 | Found Umuqeru's General Store.
 40096 | Shoals:1 | Noticed Donald
 40106 | Shoals:1 | Killed Donald
 40560 | Shoals:1 | Noticed Jorgrun
 40571 | Shoals:1 | Killed Jorgrun
 41323 | Shoals:2 | Noticed Nikola
 41334 | Shoals:2 | Killed Nikola
 41334 | Shoals:2 | Received a gift from Okawaru
 41726 | Shoals:2 | Noticed Ilsuiw
 41767 | Shoals:2 | Killed Ilsuiw
 42002 | Shoals:2 | Noticed Roxanne
 42017 | Shoals:2 | Killed Roxanne
 42152 | Shoals:2 | Noticed Polyphemus
 42179 | Shoals:2 | HP: 6/171 [death yak[Polyphemus] (9)]
 42180 | Shoals:2 | Mangled by Polyphemus

Illustrated notes

Levels and vault maps discovered:
D:1:      psy_arrival_heroes, layout_loops_ring
D:2:      layout_rooms, minmay_joined_circles
D:3:      layout_loops_cross, fiery_altar_vehumet, kennysheep_boxes
D:4:      layout_basic, grunt_dithmenos_smoke, evilmike_ruin_ashenzari,
          mainiacjoe_overflow_concentric_impassable,
          mainiacjoe_overflow_chevrons, minmay_small_thing
D:5:      layout_loops_ring, pdpol_wu_jian_five_deadly_venoms,
          chequers_big_river
D:6:      layout_cave_pools, elyvilon_altar_5, serial_shops, shop,
          nicolae_shop_tiny_statue_garden, nicolae_square_shop,
          nicolae_shop_peninsula, nicolae_shop_just_a_little_nook,
          biasface_ghost_orc_armoury, kennysheep_generic_room_16,
          uniq_crazy_yiuf_cottage, uniq_menkaure, uniq_grinder, uniq_duvessa
D:7:      layout_basic, yredelemnul_forgotten_temple_becter, trog_hazing_becter,
          minmay_temple_entry_junction, uniq_joseph
D:8:      minmay_bloctagon_deflated, layout_basic, tgw_kikubaaqudgha,
          corner_web_ring, uniq_pikel, uniq_prince_ribbit1, uniq_psyche
D:9:      layout_basic, nicolae_qazlal_general_emergency
D:10:     layout_long_grid, zin_statuary, dpeg_oklobed_lair, serial_bayou,
          serial_bayou_lagoon_a, serial_bayou_pond_d, serial_bayou_pond_b,
          serial_bayou_shore_a, grunt_decor_clamped, minmay_variable_closet
D:11:     lemuel_vampire_tower, layout_long_grid, nicolae_trove_entry_crossroad,
          serial_shops, shop
D:12:     layout_rooms, david_orc_3, roderic_batcave
D:13:     layout_roguey, gauntlet_entry_generic, uniq_azrael
D:14:     layout_basic, erik_vaults_1, kennysheep_donut, uniq_lodul
D:15:     grunt_enter_depths_snipers, layout_rooms, hex_tiny,
          amcnicky_mini_pool_small, kennysheep_four_rooms
Temple:   hellmonk_temple_beads
Lair:1:   layout_regular_city, chequers_serial_rivers_small_b,
          pdpol_lair_cavern_descent, serial_bayou_shore_b
Lair:2:   layout_roguey [special_room_bee], nicolae_spider_entry_non_spiders,
          dreamdust_mushroom_princess, mumra_transporter_accident,
          lemuel_fruit_tree, lemuel_fruit_fields
Lair:3:   layout_chaotic_city, shoals_dummy_entry, nzn_random_ring
Lair:4:   minmay_lair_venomous_thicket, layout_regular_city, slime_entry_2,
          chequers_serial_rivers_micro_a
Lair:5:   due_jungle_book, layout_loops_ring
Shoals:1: layout_shoals, serial_shops, shop, st_shoals_ruin, uniq_jorgrun,
          uniq_donald
Shoals:2: layout_shoals, uniq_roxanne, uniq_ilsuiw, uniq_polyphemus, uniq_nikola
Spider:1: layout_spider_delve
Orc:1:    layout_caves, basic_altar, serial_shops,
          nicolae_shop_advertising_works [nicolae_subvault_shop_adworks]
Orc:2:    pf_orc_diabolical, layout_caves, nicolae_shop_overcharged_wands
Elf:1:    nicolae_elf_arrival_no_cutting_in_line, layout_geoelf_octagon,
          portal_ice_cave_entry_pillars_three, minmay_elf_annihilation
Elf:2:    elven_hall_of_blades_hangedman_alternative
          [nicolae_blade_little_rooms], layout_rooms, serial_nicolae_subway,
          nicolae_sub_station_stone, nicolae_sub_station_crystal,
          nicolae_sub_station_metal
Elf:3:    grunt_elf_hall_asides, layout_loops_cross

Skill      XL: |  1  2  3  4  5  6  7  8  9 10 11 12 13 14 15 16 17 |
---------------+----------------------------------------------------+-----
Armour         | 4 5 6 7 9 10 12 13 14 15 16 17 | 17.8
Fighting       | 4 5 6 7 8 9 11 12 14 15 16 17 | 17.9
Shields        | 4 5 6 7 8 10 11 13 16 18 20 | 20.9
Long Blades    | 3 5 6 7 9 10 12 13 | 13.9
Dodging        | 1 2 3 4 5 6 |  6.5
Stealth        | 1 2 |  2.6
Evocations     | 1 2 |  2.1
Invocations    | 1 2 3 |  3.3
Maces & Flails | 7 12 15 16 17 18 | 18.7

Action                     |  1- 3 |  4- 6 |  7- 9 | 10-12 | 13-15 | 16-18 || total
---------------------------+-------+-------+-------+-------+-------+-------++-------
  Melee: Long sword        |    95 |   134 |   237 |   423 |       |       ||   889
         Headbutt          |    12 |    19 |    50 |   129 |   244 |   260 ||   714
         Morningstar       |       |       |       |   180 |  1091 |   976 ||  2247
 Invoke: Heroism           |       |       |       |    19 |    15 |    14 ||    48
  Evoke: Wand              |       |       |       |    12 |       |       ||    12
    Use: Potion            |     4 |     1 |     1 |     5 |       |     8 ||    19
         Scroll            |     1 |     7 |     4 |     9 |     9 |    10 ||    40
 Armour: Scale mail        |    50 |    29 |       |       |       |       ||    79
         Chain mail        |       |    43 |   108 |    66 |       |       ||   217
         Plate armour      |       |       |       |   406 |   393 |   392 ||  1191
  Dodge: Dodged            |    41 |    81 |   143 |   491 |   387 |   290 ||  1433
  Block: Buckler           |    25 |    30 |    76 |   274 |   105 |       ||   510
         Tower shield      |       |       |       |       |   910 |   300 ||  1210
         Kite shield       |       |       |       |       |       |   822 ||   822
         Other             |       |       |       |       |       |     3 ||     3
         Reflection        |       |       |       |       |       |    33 ||    33
